[ AOE2 MATCH · #482844232 ]
UnrankedByzantines vs Japanese
Rival team · LOSS
[ REPLAY ANALYSIS · EXTRACTED FROM THE RECORDED GAME ]
Feudal
10:10
Castle
17:16
Imperial
—
| APM avg | 40.5 |
| APM peak | 76 |
| eAPM avg | 16.1 |
| Villagers / military | 47 / 20 |
Focus
⚔️ 17.8% · 🌾 82.2%
Knight ×8 · Skirmisher ×7 · Archer ×5
Feudal
—
Castle
—
Imperial
—
| APM avg | 26.2 |
| APM peak | 76 |
| eAPM avg | 11.4 |
| Villagers / military | 32 / 22 |
Focus
⚔️ 24.4% · 🌾 75.6%
Militia ×11 · Skirmisher ×8 · Spearman ×3
Match map
Initial resources + every placement click. Lines = walls · curves = elevation contours. ◆ gold · ⬟ stone · ● berries · ✦ relic · ◌ wall gap
Your base· Open — 5t gap
The Sar AOE's base· Open — unwalled flank
Smoothed initial terrain · ◌ = detected wall gap · hover for details
Inputs per minute
— FTX #1 FAN - - The Sar AOE
Build order — FTX #1 FAN
124 actions detected in the replay
| 0:00 | Create | Villager (Male) |
| 0:01 | Create | Villager (Male) |
| 0:02 | Build | House |
| 0:04 | Build | House |
| 0:23 | Create | Villager (Male) |
| 0:23 | Create | Villager (Male) |
| 1:24 | Create | Villager (Male) |
| 1:54 | Build | Lumber Camp |
| 1:59 | Create | Villager (Male) |
| 2:17 | Create | Villager (Male) |
| 2:17 | Create | Villager (Male) |
| 2:29 | Build | House |
| 2:44 | Create | Villager (Male) |
| 3:17 | Create | Villager (Male) |
| 3:18 | Create | Villager (Male) |
| 4:21 | Create | Villager (Male) |
| 4:24 | Build | Mill |
| 4:44 | Build | House |
| 4:50 | Create | Villager (Male) |
| 5:12 | Create | Villager (Male) |
| 5:38 | Create | Villager (Male) |
| 5:58 | Create | Villager (Male) |
| 6:20 | Build | Mining Camp |
| 6:24 | Build | House |
| 6:35 | Create | Villager (Male) |
| 6:36 | Create | Villager (Male) |
| 6:36 | Create | Villager (Male) |
| 6:46 | Create | Villager (Male) |
| 6:47 | Research | Loom |
| 7:22 | Build | Palisade Wall |
| 8:00 | Research | Feudal Age |
| 8:55 | Build | Barracks |
| 9:06 | Build | Palisade Wall |
| 9:22 | Create | Villager (Male) |
| 9:22 | Create | Villager (Male) |
| 10:10 | Age | Feudal Age |
| 10:25 | Build | Archery Range |
| 11:06 | Build | Palisade Wall |
| 11:13 | Build | Palisade Wall |
| 11:15 | Build | Palisade Wall |
| 11:24 | Create | Villager (Male) |
| 11:49 | Build | Blacksmith |
| 11:55 | Create | Archer |
| 12:12 | Create | Villager (Male) |
| 12:14 | Create | Villager (Male) |
| 12:22 | Create | Archer |
| 13:09 | Create | Archer |
| 13:10 | Create | Villager (Male) |
| 13:13 | Build | Farm |
| 13:28 | Build | Farm |
| 14:00 | Build | Farm |
| 14:29 | Build | House |
| 14:30 | Build | Palisade Wall |
| 14:36 | Research | Castle Age |
| 15:11 | Create | Skirmisher |
| 15:27 | Create | Archer |
| 15:31 | Build | Farm |
| 15:33 | Build | Farm |
| 15:35 | Build | Farm |
| 15:47 | Build | Stable |
| 16:26 | Create | Villager (Male) |
| 16:37 | Build | House |
| 16:39 | Build | House |
| 16:47 | Build | Farm |
| 16:49 | Build | Farm |
| 16:54 | Create | Archer |
| 17:02 | Research | Fletching |
| 17:16 | Age | Castle Age |
| 17:18 | Create | Knight |
| 17:39 | Build | Town Center |
| 17:57 | Create | Knight |
| 18:02 | Create | Villager (Male) |
| 18:10 | Build | House |
| 18:13 | Build | Farm |
| 18:38 | Create | Skirmisher |
| 18:40 | Create | Knight |
| 18:50 | Build | Farm |
| 19:04 | Create | Villager (Male) |
| 19:04 | Create | Villager (Male) |
| 19:28 | Create | Villager (Male) |
| 19:28 | Create | Villager (Male) |
| 19:36 | Build | Farm |
| 19:37 | Build | Farm |
| 19:48 | Research | Double-Bit Axe |
| 20:14 | Create | Villager (Male) |
| 20:47 | Create | Knight |
| 20:50 | Create | Skirmisher |
| 20:52 | Create | Skirmisher |
| 20:56 | Create | Villager (Male) |
| 21:03 | Build | Farm |
| 21:03 | Build | Farm |
| 21:03 | Build | Farm |
| 21:04 | Build | Farm |
| 21:10 | Create | Villager (Male) |
| 21:20 | Create | Knight |
| 21:48 | Build | House |
| 21:54 | Build | Lumber Camp |
| 22:01 | Create | Villager (Male) |
| 22:03 | Create | Knight |
| 22:06 | Create | Skirmisher |
| 22:11 | Research | Scale Barding Armor |
| 22:21 | Create | Villager (Male) |
| 22:32 | Create | Skirmisher |
| 22:33 | Create | Knight |
| 22:41 | Create | Villager (Male) |
| 22:45 | Create | Villager (Male) |
| 22:51 | Build | Farm |
| 22:57 | Build | Farm |
| 22:59 | Create | Villager (Male) |
| 23:00 | Create | Villager (Male) |
| 23:13 | Create | Villager (Male) |
| 23:21 | Build | Farm |
| 23:30 | Create | Skirmisher |
| 23:30 | Create | Knight |
| 23:32 | Create | Villager (Male) |
| 24:01 | Create | Villager (Male) |
| 24:01 | Create | Villager (Male) |
| 24:07 | Build | Farm |
| 24:08 | Build | Farm |
| 24:08 | Build | Farm |
| 24:08 | Build | Farm |
| 24:08 | Build | Farm |
| 24:39 | Create | Villager (Male) |
| 24:39 | Create | Villager (Male) |
Build order — The Sar AOE
101 actions detected in the replay
| 0:00 | Create | Villager (Male) |
| 0:01 | Create | Villager (Male) |
| 0:01 | Create | Villager (Male) |
| 0:02 | Build | House |
| 0:04 | Build | House |
| 0:19 | Create | Villager (Male) |
| 0:19 | Create | Villager (Male) |
| 1:22 | Create | Villager (Male) |
| 1:22 | Create | Villager (Male) |
| 1:50 | Create | Villager (Male) |
| 1:51 | Create | Villager (Male) |
| 2:34 | Create | Villager (Male) |
| 2:34 | Create | Villager (Male) |
| 2:57 | Create | Villager (Male) |
| 2:57 | Create | Villager (Male) |
| 3:50 | Create | Villager (Male) |
| 3:50 | Create | Villager (Male) |
| 3:50 | Create | Villager (Male) |
| 3:52 | Build | House |
| 4:00 | Build | House |
| 4:13 | Create | Villager (Male) |
| 4:13 | Create | Villager (Male) |
| 4:51 | Create | Villager (Male) |
| 4:51 | Create | Villager (Male) |
| 5:40 | Build | Mining Camp |
| 6:19 | Create | Villager (Male) |
| 6:19 | Create | Villager (Male) |
| 6:20 | Create | Villager (Male) |
| 6:20 | Create | Villager (Male) |
| 6:20 | Create | Villager (Male) |
| 6:25 | Build | Mill |
| 7:26 | Build | Barracks |
| 8:20 | Create | Villager (Male) |
| 9:00 | Create | Militia |
| 9:01 | Create | Militia |
| 9:50 | Build | Lumber Camp |
| 10:05 | Build | House |
| 10:15 | Research | Feudal Age |
| 10:22 | Create | Militia |
| 11:06 | Create | Militia |
| 11:06 | Create | Militia |
| 11:06 | Create | Militia |
| 11:50 | Build | Farm |
| 11:50 | Build | Farm |
| 11:50 | Build | Farm |
| 11:51 | Build | Farm |
| 11:51 | Build | Farm |
| 11:51 | Build | Farm |
| 11:51 | Build | Farm |
| 11:52 | Build | Farm |
| 11:52 | Build | Farm |
| 11:52 | Build | Farm |
| 11:52 | Build | Farm |
| 12:05 | Create | Militia |
| 12:06 | Create | Militia |
| 12:17 | Build | House |
| 12:18 | Build | House |
| 12:20 | Build | House |
| 12:40 | Research | Arson |
| 13:58 | Build | Archery Range |
| 14:07 | Research | Man-at-Arms (upgrade) |
| 15:04 | Create | Skirmisher |
| 15:04 | Create | Skirmisher |
| 15:04 | Create | Skirmisher |
| 15:05 | Create | Skirmisher |
| 15:05 | Create | Skirmisher |
| 15:33 | Create | Skirmisher |
| 15:33 | Create | Skirmisher |
| 15:43 | Build | Blacksmith |
| 15:53 | Build | Market |
| 16:39 | Research | Fletching |
| 16:39 | Research | Padded Archer Armor |
| 17:54 | Create | Skirmisher |
| 17:57 | Create | Militia |
| 17:58 | Create | Militia |
| 17:58 | Create | Militia |
| 19:18 | Create | Villager (Male) |
| 19:31 | Build | Farm |
| 19:31 | Build | Farm |
| 19:31 | Build | Farm |
| 19:32 | Build | Farm |
| 19:32 | Build | Farm |
| 19:32 | Build | Farm |
| 19:32 | Build | Farm |
| 19:33 | Build | Farm |
| 19:33 | Build | Farm |
| 19:33 | Build | Farm |
| 19:47 | Create | Spearman |
| 19:47 | Create | Spearman |
| 20:13 | Build | House |
| 20:50 | Build | House |
| 21:19 | Create | Villager (Male) |
| 21:35 | Create | Spearman |
| 22:17 | Research | Castle Age |
| 22:33 | Build | Mining Camp |
| 22:56 | Build | Palisade Gate |
| 23:24 | Create | Villager (Male) |
| 23:25 | Create | Villager (Male) |
| 23:25 | Create | Villager (Male) |
| 23:25 | Create | Villager (Male) |
| 24:00 | Research | Stone Mining |
Match timeline
| 7:22 | FTX #1 FAN · wall_segment Palisade Wall x1 |
| 7:26 | The Sar AOE · first_building Barracks |
| 8:55 | FTX #1 FAN · first_building Barracks |
| 9:06 | FTX #1 FAN · wall_segment Palisade Wall x4 |
| 10:10 | FTX #1 FAN · age_up feudal |
| 10:25 | FTX #1 FAN · first_building Archery Range |
| 11:06 | FTX #1 FAN · wall_segment Palisade Wall x1 |
| 11:13 | FTX #1 FAN · wall_segment Palisade Wall x1 |
| 11:15 | FTX #1 FAN · wall_segment Palisade Wall x1 |
| 13:58 | The Sar AOE · first_building Archery Range |
| 14:30 | FTX #1 FAN · wall_segment Palisade Wall x1 |
| 15:47 | FTX #1 FAN · first_building Stable |
| 17:16 | FTX #1 FAN · age_up castle |
| 21:48 | The Sar AOE · first_market_sell 100 wood |
| 21:50 | The Sar AOE · first_market_buy 100 food |
| 25:05 | The Sar AOE · resign |
[ AI ANALYSIS · 1 CREDIT ]
What really happened in this match?
Wolo.gg analyzes every decision: build order, eco, micro, common mistakes by bracket. Personalized analysis on WhatsApp or Discord in 30 seconds.
Civ guide
Byzantines
Perfil
Jugador #4600022